 Dungeon Crawl Stone Soup version 0.23.2-30-g0e89c35649 (webtiles) character file.

Game seed: 5925216247569978842

8 colophon the Sneak (level 2, -2/16 HPs)
             Began as a Kobold Enchanter on June 23, 2019.
             Slain by a kobold
             ... wielding a +0 short sword
              (3 damage)
             ... on level 1 of the Dungeon.
             The game lasted 00:02:32 (268 turns).

colophon the Sneak (Kobold Enchanter)                Turns: 268, Time: 00:02:33

Health: -2/16      AC:  2    Str:  5    XL:     2   Next: 15%
Magic:  4/5        EV: 15    Int: 16    God:
Gold:   19         SH:  0    Dex: 15    Spells: 2/5 levels left

rFire    . . .     SeeInvis .   a - +1 dagger
rCold    . . .     Gourm    .   (shield restricted)
rNeg     . . .     Faith    .   b - +0 robe
rPois    .         Spirit   .   (no helmet)
rElec    .         Reflect  .   (no cloak)
rCorr    .         Harm     .   (no gloves)
MR       .....                  (no boots)
Stlth    +++.......             (no amulet)
HPRegen  0.05/turn              (no ring)
MPRegen  0.09/turn              (no ring)

@: no status effects
A: small, carnivore
a: no special abilities


You were on level 1 of the Dungeon.
You were very full.

You visited 1 branch of the dungeon, and saw 2 of its levels.

You collected 19 gold pieces.

Inventory:

Hand Weapons
 a - a +1 dagger (weapon)
Armour
 b - a +0 robe (worn)
Scrolls
 c - a scroll of teleportation {unknown}
 e - 2 scrolls of identify {unknown}
 f - a scroll of remove curse {unknown}
Potions
 g - a potion of resistance {unknown}
Comestibles
 d - a ration


   Skills:
 + Level 0.5 Fighting
 + Level 1.7 Short Blades
 + Level 2.6 Dodging
 + Level 4.2 Stealth
 + Level 2.3 Spellcasting
 - Level 3.0 Hexes


You had 2 spell levels left.
You knew the following spells:

 Your Spells              Type           Power        Failure   Level  Hunger
a - Corona                Hex            ##.....      6%          1    #......
b - Ensorcelled Hibernat  Hex/Ice        #.....       16%         2    ###....

Your spell library contained the following spells:

 Spells                   Type           Power        Failure   Level  Hunger
 Confuse                  Hex            ##......     17%         3    ###....
 Tukima's Dance           Hex            ##......     17%         3    ###....
 Dazzling Spray           Conj/Hex       #.....       32%         3    ###....


Dungeon Overview and Level Annotations

Branches:
Dungeon (2/15)

Altars:

Annotations:
D:2 Natasha


Innate Abilities, Weirdness & Mutations

You are small and have problems with some larger weapons.
You are carnivorous and can eat meat at any time.


Message History

The kobold hits you with a +0 short sword.
* * * LOW HITPOINT WARNING * * *
The giant cockroach waves its antennae.
There is a stone staircase leading down here.
The kobold misses you.
You climb downwards.
A rat, a kobold and Natasha come into view.
There is a stone staircase leading up here.
The kobold misses you.
You climb upwards.
The goblin misses you. The goblin hits you.
* * * LOW HITPOINT WARNING * * *
There is a stone staircase leading down, spattered with blood here.
Casting: Corona (safe; 6% risk of failure)
Confirm with . or Enter, or press ? or * to list all spells.
Aiming: Corona (safe; 6% risk of failure)
Press: ? - help, Shift-Dir - straight line, f - kobold
Aim: a kobold, wielding a +0 short sword (chance to defeat MR: 64%)
The kobold is outlined in light.
The goblin closely misses you.
The kobold hits you with a +0 short sword.
You die...

####..#.... ......#
$.......## .....
#.......#####.#?#
#....[........#.#
..#.#.%.............#
#.#.g..)#.#.........#
.......#s#.#.........#
...#...#g#.#.........#
#......K@#.#.........###
######.###.#.##...##.#.#
#.........#...).....#.#.
####...........#....#.
## #........####......
#. #..#........# #....##
#. #..##.......# ##....#
#.### #..##.......#
#.....## ##...##
.......##### #.......


You could see a giant cockroach, a goblin and a kobold.

Vanquished Creatures
  2 goblins (D:1)
  A hobgoblin (D:1)
  A bat (D:1)
  A frilled lizard (D:1)
  A kobold (D:1)
  3 rats (D:1)
9 creatures vanquished.

Notes
Turn   | Place    | Note
-------+----------+-------------------------------------------
     0 | D:1      | colophon the Kobold Enchanter began the quest for the Orb.
     0 | D:1      | Reached XP level 1. HP: 10/10 MP: 3/3
   227 | D:1      | Reached XP level 2. HP: 16/16 MP: 5/5
   238 | D:1      | Learned a level 2 spell: Ensorcelled Hibernation
   265 | D:2      | Noticed Natasha
   268 | D:1      | Slain by a kobold

Action                   || total
-------------------------++-------
Melee: Dagger            ||    19
 Cast: Corona            ||     4
 Stab: Sleeping          ||     2
  Eat: Chunk             ||     5
Dodge: Dodged            ||    25
